 Dungeon Crawl Stone Soup version 0.27-a0-1347-gd8886f0a89 (webtiles) character file.

Game seed: 16512458920960941857

3344 Sweetruy1997 the Slicer (level 10, 0/70 HPs)
             Began as a Hill Orc Monk on June 27, 2021.
             Slain by Harold (23 damage)
             ... on level 7 of the Dungeon.
             The game lasted 00:23:22 (9876 turns).

Sweetruy1997 the Slicer (Hill Orc Monk)             Turns: 9876, Time: 00:23:23

Health: 0/70       AC:  9    Str: 15    XL:     10   Next: 2%
Magic:  10/10      EV: 11    Int: 10    God:
Gold:   270        SH:  5    Dex: 16    Spells: 9/9 levels left

rFire    x . .     SeeInvis .   g - +6 short sword (elec)
rCold    + . .     Faith    .   (no shield)
rNeg     . . .     Spirit   .   c - +0 scale mail
rPois    +         Reflect  +   (no helmet)
rElec    .         Harm     .   m - +0 cloak
rCorr    .         Rampage  .   p - +0 pair of gloves
Will     .....                  q - +0 pair of boots
Stlth    +.........             i - amulet of reflection
HPRegen  0.21/turn              k - ring of poison resistance
MPRegen  0.12/turn              j - ring of ice

@: marked
A: frail 1, wild magic 1
a: no special abilities


You were on level 7 of the Dungeon.
You visited 2 branches of the dungeon, and saw 8 of its levels.
You also visited: Ossuary.

You collected 355 gold pieces.
You spent 85 gold pieces at shops.

Inventory:

Hand Weapons
 g - a +6 short sword of electrocution (weapon)
 s - a +2 short sword of venom
Armour
 c - a +0 scale mail (worn)
 m - a +0 cloak (worn)
 p - a +0 pair of gloves (worn)
 q - a +0 pair of boots (worn)
Jewellery
 i - an amulet of reflection (around neck)
 j - a ring of ice (right hand)
 k - a ring of poison resistance (left hand)
Wands
 d - a wand of polymorph (6)
 o - a wand of paralysis (3)
 r - a wand of acid (7)
Scrolls
 a - 7 scrolls of teleportation
 b - a scroll of vulnerability {unknown}
 f - a scroll of fear
 n - a scroll of identify
Potions
 e - 2 potions of flight
 h - a potion of invisibility
 l - 2 potions of cancellation
 t - a potion of ambrosia


   Skills:
 + Level 4.0 Fighting
 - Level 12.0 Short Blades
 - Level 4.5 Axes
 + Level 2.0 Armour
 + Level 4.0 Dodging
 + Level 2.8 Stealth
 + Level 3.0 Shields
 + Level 0.1 Evocations


You had 9 spell levels left.
You didn't know any spells.
Your spell library contained the following spells:

 Spells                   Type           Power      Damage    Failure   Level
 Corona                   Hex            0%         N/A       88%         1
 Ensorcelled Hibernation  Hex/Ice        0%         N/A       95%         2
 Confusing Touch          Hex            0%         N/A       99%         3
 Dazzling Flash           Conj/Hex       0%         N/A       99%         3
 Gell's Gravitas          Tloc           0%         N/A       99%         3
 Tukima's Dance           Hex            0%         N/A       99%         3
 Petrify                  Tmut/Erth      0%         N/A       100%        4
 Metabolic Englaciation   Hex/Ice        0%         N/A       100%        5
 Yara's Violent Unravell  Hex/Tmut       0%         3d3       100%        5


Dungeon Overview and Level Annotations

Branches:
Dungeon (7/15)             Temple (1/1) D:5         Ossuary (visited)

Altars:
Ashenzari
Dithmenos
Elyvilon
Fedhas
Hepliaklqana
Kikubaaqudgha
Makhleb
Nemelex Xobeh
Okawaru
Qazlal
Ru
Sif Muna
Trog
Uskayaw
Wu Jian
Xom
Yredelemnul
Zin
The Shining One

Shops:
D:3 *   D:5 (

Annotations:
D:7 Harold


Innate Abilities, Weirdness & Mutations

You are frail. (-10% HP)
Your spells are a little harder to cast, but a little more powerful.


Message History

Your Short Blades skill increases to level 12!
You have reached level 10!
You feel stronger.
Harold is nearby!
Aiming: Corrosive Bolt
Press: ? - help, Shift-Dir - straight line, f - you
Okay, then.
Harold shouts!
Found a robe.
A shadow imp comes into view.
Harold gestures at you while chanting. A sentinel's mark forms upon you.
The shadow imp shouts!
A wight comes into view. It is wielding a +4 war axe.
Aiming: Corrosive Bolt
Press: ? - help, Shift-Dir - straight line, f - Harold
Aim: Harold, wielding a +0 flail of venom and wearing a +0 ring mail (83% to hit)
The bolt of acid hits Harold!
Harold is splashed with acid.
The acid corrodes Harold!
Harold is moderately wounded.
A wight comes into view. It is wielding a +0 long sword.
Harold drinks a potion.
Harold seems to grow stronger.
You hit Harold.
Harold is moderately wounded.
You puncture Harold! Lightning courses through Harold!
Harold is heavily wounded.
Harold hits you with a +0 flail of venom!
You puncture Harold!
Harold is severely wounded.
The wight barely misses you.
You hit Harold.
Harold is severely wounded.
Harold hits you with a +0 flail of venom!!
You hit Harold.
Harold is severely wounded.
The wight hits you with a +0 long sword!
You puncture Harold!
Harold is almost dead.
Harold hits you with a +0 flail of venom!!
You die...

<..†### @<)...##
###........... ###....##
###.............
##....###................
##.....................
#.....$............[# #
#.........#.......# .
#..........#@#5...###
..............zz@......#
...............###+###.#
........(...... #.##
>.............. #..#
............... +..##
............... #.<.# .
#.#..# #.....# ...##..#


You could see Harold (strong, corroded), 2 wights and a shadow imp.

Vanquished Creatures
  The ghost of barkas the Covert, a novice NaWn of Makhleb (D:5)
  Eustachio (D:4)
  Menkaure (D:7)
  A black bear (D:5)
  An ice beast (D:7)
  3 necrophages
  4 ogres
  A phantom (D:4)
  A bullfrog (D:7)
  An elf zombie (Ossuary)
  2 scorpions
  A water moccasin zombie (D:5)
  A water moccasin skeleton (D:5)
  3 wights (D:7)
  3 electric eels (D:6)
  4 centaur zombies
  A bullfrog zombie (D:6)
  2 jellies
  2 centaur skeletons
  3 hounds
  3 iguanas
  3 bullfrog skeletons
  An orc wizard (D:5)
  2 mummies (Ossuary)
  A hound zombie (D:5)
  A hound skeleton (D:4)
  A howler monkey skeleton (D:6)
  8 gnolls
  4 adders
  An ufetubus (D:5)
  2 adder skeletons (D:4)
  An adder zombie (Ossuary)
  A worm (D:3)
  3 dart slugs
  10 orcs
  9 ball pythons
  7 bats
  5 endoplasms
  2 giant cockroaches (D:1)
  6 hobgoblins
  5 kobolds
  8 quokkas
  5 frilled lizards
  7 goblins
  2 goblin zombies (Ossuary)
  10 hobgoblin zombies (Ossuary)
  A jackal zombie (Ossuary)
  12 kobold zombies (Ossuary)
  7 orc zombies (Ossuary)
  7 rats
172 creatures vanquished.

Vanquished Creatures (others)
  10 plants (D:6)
10 creatures vanquished.

Grand Total: 182 creatures vanquished

Notes
Turn   | Place    | Note
-------+----------+-------------------------------------------
     0 | D:1      | Sweetruy1997 the Hill Orc Monk began the quest for the Orb.
     0 | D:1      | Reached XP level 1. HP: 19/19 MP: 1/1
   313 | D:1      | Reached XP level 2. HP: 27/27 MP: 2/2
   989 | D:1      | Reached XP level 3. HP: 27/33 MP: 3/3
  1448 | D:2      | Reached skill level 1 in Armour
  1582 | D:2      | Reached skill level 1 in Short Blades
  1582 | D:2      | Reached XP level 4. HP: 6/40 MP: 4/4
  1908 | D:2      | Gained mutation: Your flesh is cold resistant. (rC+)
                  | [potion of mutation]
  1908 | D:2      | Gained mutation: You are resistant to electric shocks.
                  | (rElec) [potion of mutation]
  1909 | D:2      | Lost mutation: Your flesh is cold resistant. (rC+) [potion
                  | of mutation]
  1909 | D:2      | Lost mutation: You are resistant to electric shocks.
                  | (rElec) [potion of mutation]
  1909 | D:2      | Gained mutation: Your spells are a little harder to cast,
                  | but a little more powerful. [potion of mutation]
  1909 | D:2      | Gained mutation: You are frail. (-10% HP) [potion of
                  | mutation]
  2509 | D:2      | Found a faded altar of an unknown god.
  2697 | D:3      | Found a sparkling altar of Nemelex Xobeh.
  2848 | D:3      | Found Yruimmul's Assorted Antiques.
  2854 | D:3      | Bought a viscous orange potion for 17 gold pieces
  2854 | D:3      | Bought a viscous orange potion for 17 gold pieces
  2854 | D:3      | Bought a green potion for 17 gold pieces
  2854 | D:3      | Bought 2 sapphire potions for 34 gold pieces
  3440 | D:3      | Found an ancient bone altar of Kikubaaqudgha.
  3443 | D:3      | Found a blossoming altar of Fedhas.
  3443 | D:3      | Found a shimmering altar of Xom.
  3445 | D:3      | Found a broken altar of Ashenzari.
  3445 | D:3      | Found a shimmering blue altar of Sif Muna.
  3445 | D:3      | Found a shadowy altar of Dithmenos.
  3626 | D:4      | Reached skill level 2 in Short Blades
  3645 | D:4      | Noticed a necrophage
  3660 | D:4      | Reached XP level 5. HP: 33/41 MP: 5/5
  3678 | D:4      | Killed a necrophage
  3679 | D:4      | Reached skill level 3 in Short Blades
  3679 | D:4      | Reached skill level 1 in Shields
  3694 | D:4      | Reached XP level 6. HP: 16/46 MP: 6/6
  4248 | D:4      | Reached skill level 4 in Short Blades
  4802 | D:5      | Entered Level 5 of the Dungeon
  4802 | D:5      | Found Biarumn's Weapon Shoppe.
  4835 | D:5      | Reached XP level 7. HP: 28/53 MP: 7/7
  4862 | D:5      | Reached skill level 5 in Short Blades
  4944 | D:5      | Found a sand-covered staircase.
  4957 | Ossuary  | Entered an ossuary
  5519 | Ossuary  | Reached skill level 6 in Short Blades
  5609 | D:5      | Reached XP level 8. HP: 59/59 MP: 8/8
  5649 | D:5      | Reached skill level 7 in Short Blades
  5672 | D:5      | Found a shimmering blue altar of Sif Muna.
  5672 | D:5      | Found an ancient bone altar of Kikubaaqudgha.
  5770 | D:5      | Noticed Eustachio
  5827 | D:4      | Killed Eustachio
  6079 | D:5      | Reached skill level 8 in Short Blades
  6272 | D:5      | Found a staircase to the Ecumenical Temple.
  6279 | Temple   | Entered the Ecumenical Temple
  7033 | D:5      | Found a runed translucent door.
  7034 | D:5      | Noticed barkas's ghost (novice NaWn)
  7139 | D:5      | Killed barkas's ghost
  7140 | D:5      | Reached skill level 9 in Short Blades
  7140 | D:5      | Reached XP level 9. HP: 63/63 MP: 9/9
  7894 | D:6      | Reached skill level 10 in Short Blades
  9375 | D:6      | Found a hide-covered altar of Uskayaw.
  9485 | D:7      | Reached skill level 11 in Short Blades
  9550 | D:7      | Noticed Menkaure
  9553 | D:7      | Noticed Harold
  9573 | D:7      | Killed Menkaure
  9835 | D:7      | Reached skill level 12 in Short Blades
  9835 | D:7      | Reached XP level 10. HP: 62/70 MP: 10/10
  9876 | D:7      | Slain by Harold

Illustrated notes

Levels and vault maps discovered:
D:1:      elethiomel_arrival_infinity_welcomes_careful_drivers, layout_basic
D:2:      layout_basic, ebering_ecumenical_altar_webs
D:3:      layout_loops_ring, nemelex_xobeh_ov_fountains_minmay,
          doesnt_xom_only_xom, serial_shops, nicolae_shop_overgrown_old_shop,
          grunt_ministairs_15
D:4:      layout_basic
D:5:      layout_cave_pools, jmf_multi_god_temple, minmay_temple_entry_tees,
          serial_shops, shop, ebering_ghost_reflecting_pool, enter_ossuary_1,
          uniq_eustachio
D:6:      layout_basic, nicolae_uskayaw_dance_hall, serial_bayou_lake_a
D:7:      layout_layer_cave, lemuel_doored_altar, uniq_menkaure, uniq_harold,
          uniq_pikel
Temple:   minmay_temple_forest_path

Skill      XL: |  1  2  3  4  5  6  7  8  9 |
---------------+----------------------------+-----
Fighting       | 4 |  4.0
Armour         | 1 2 |  2.0
Short Blades   | 1 2 3 4 6 9 12 | 12.0
Dodging        | 3 4 |  4.0
Stealth        | 2 |  2.8
Shields        | 1 2 3 |  3.0
Axes           | |  4.5
Evocations     | |  0.1

Action                   |  1- 3 |  4- 6 |  7- 9 | 10-12 || total
-------------------------+-------+-------+-------+-------++-------
Melee: Hand axe          |    83 |       |       |       ||    83
       Short sword       |    43 |   221 |   391 |     6 ||   661
Evoke: Wand              |       |       |     1 |     1 ||     2
  Use: Scroll            |     1 |     6 |    11 |       ||    18
       Potion            |       |     4 |    12 |       ||    16
 Stab: Sleeping          |     1 |       |       |       ||     1
       Paralysed         |       |       |     1 |       ||     1
Armor: Scale mail        |    40 |    98 |   143 |       ||   281
       Skin              |       |       |    16 |       ||    16
Dodge: Dodged            |    65 |    99 |   152 |     1 ||   317
Block: Other             |     6 |    46 |    75 |       ||   127

Table legend: (Time is in decaauts)
 A = Elapsed time spent in this place.
 B = Non-inter-level travel time spent in this place.
 C = Inter-level travel time spent in this place.
 D = Time resting spent in this place.
 E = Time spent auto-exploring this place.
 F = Levels seen in this place.
 G = Mean time per level.
                   A        B        C        D        E       F      G
               +--------+--------+--------+--------+--------+-----+--------+
         Total |   9783 |   9499 |    284 |   3053 |   5071 |   9 | 1087.0 |
       Dungeon |   8669 |   8443 |    226 |   3053 |   4175 |   7 | 1238.4 |
        Temple |    519 |    461 |     58 |      0 |    460 |   1 |  519.0 |
       Ossuary |    594 |    594 |      0 |      0 |    436 |   1 |  594.0 |
               +--------+--------+--------+--------+--------+-----+--------+

Top non-repeatable levels by time:
     D:6: 2375 daAuts
     D:2: 1526 daAuts
     D:4: 1427 daAuts
     D:1: 1182 daAuts
     D:5: 1083 daAuts
     D:3: 909 daAuts
 Ossuary: 594 daAuts
  Temple: 519 daAuts
     D:7: 164 daAuts
